 Dungeon Crawl Stone Soup version 0.30-a0-451-ge042605de7 (webtiles) character file.

Game seed: 16953381212472719459

31 bande the Covered (level 3, -1/23 HPs)
             Began as a Gargoyle Fighter on Dec 12, 2022.
             Slain by Terence
             ... wielding a +4 flail of protection
              (6 damage)
             ... on level 1 of the Dungeon.
             The game lasted 00:01:43 (1188 turns).

bande the Covered (Gargoyle Fighter)                Turns: 1188, Time: 00:01:44

Health: -1/23      AC: 12    Str: 19    XL:     3   Next: 22%
Magic:  3/3        EV:  9    Int:  8    God:
Gold:   72         SH:  4    Dex: 11    Spells: 2/2 levels left

rFire   . . .      SeeInvis .    a - +0 war axe
rCold   . . .      Faith    .    c - +0 buckler
rNeg    + . .      Spirit   .    b - +0 scale mail
rPois   ∞          Reflect  .    (no helmet)
rElec   +          Harm     .    f - +0 cloak
rCorr   .          Rampage  .    (no gloves)
Will    .....                    i - +0 pair of boots
Stlth   ..........               (no amulet)
HPRegen 0.23/turn                (no ring)
MPRegen 0.08/turn                (no ring)

@: no status effects
A: sickness immunity, AC +3, negative energy resistance 1, electricity
resistance, torment resistance 1, petrification resistance
a: no special abilities


You were on level 1 of the Dungeon.
You visited 1 branch of the dungeon, and saw 2 of its levels.

You collected 72 gold pieces.

Inventory:

Hand Weapons
 a - a +0 war axe (weapon)
Armour
 b - a +0 scale mail (worn)
 c - a +0 buckler (worn)
 f - a +0 cloak (worn)
 i - a +0 pair of boots (worn)
Scrolls
 e - a scroll of enchant weapon {unknown}
 h - a scroll of fear {unknown}
 j - a scroll of immolation {unknown}
Potions
 d - a potion of might
 g - a potion of mutation {unknown}
 k - 2 potions of heal wounds {unknown}


   Skills:
 + Level 3.5 Fighting
 + Level 2.3 Axes
 + Level 3.7 Armour
 - Level 0.2 Dodging
 + Level 3.5 Shields


You had 2 spell levels left.
You didn't know any spells.
Your spell library was empty.

Dungeon Overview and Level Annotations

Branches:
Dungeon (2/15)

Altars:

Annotations:
D:1 Terence


Innate Abilities, Weirdness & Mutations

You are immune to sickness and miasma.
Your stone body is resilient. (AC +3)
You are immune to poison.
You resist negative energy. (rN+)
You are resistant to electric shocks. (rElec)
You are resistant to unholy torment.
You are immune to petrification.


Message History

HP restored.
You start waiting.
Done waiting.
You start waiting.
Done waiting.
There is a stone staircase leading down here.
You climb downwards.
Level annotation: Terence Terence closely misses you.
There is a stone staircase leading up here.
Unknown command.
Terence closely misses you.
You climb upwards.
There is a stone staircase leading down here.
You barely miss Terence.
Terence hits you with a +4 flail of protection. x2
You hit Terence but do no damage. Terence hits you but does no damage.
You slash Terence!
Terence is severely wounded.
Terence hits you with a +4 flail of protection!
You hit Terence but do no damage.
Terence is severely wounded.
Terence hits you but does no damage.
Terence hits you with a +4 flail of protection.
* * * LOW HITPOINT WARNING * * *
You barely miss Terence.
Terence is severely wounded.
Terence hits you but does no damage.
You hit Terence.
Terence is almost dead.
You block Terence's attack. Terence hits you but does no damage.
You hit Terence but do no damage.
Terence is almost dead.
You block Terence's attack.
You barely miss Terence.
Terence is almost dead.
Terence hits you with a +4 flail of protection.
* * * LOW HITPOINT WARNING * * *
Terence hits you with a +4 flail of protection.
You die...

.## #.# #.# ..## #.# #.# ...# #.#
#.# ..## #.# #.# .## #.# #.# .#
#.# #.# .# #.# ######### #.#
.########.#####@......### #.#
..........##..'.@.>.>.'.#####.#
.#######..##.##.......#.......###
.# ##.#.##.###########.##......
.# #.###....#.......##.########
.# ##.#.....+...<...'..# .#
##......#.......#### .#
#.############## .#######.# #.##
.##......# #..#


You could see Terence.

Vanquished Creatures
  An adder (D:1)
  An endoplasm (D:1)
  A giant cockroach (D:1)
  2 hobgoblins (D:1)
  A kobold (D:1)
  3 quokkas
  3 ball pythons (D:1)
  2 bats (D:1)
  A frilled lizard (D:1)
  4 goblins (D:1)
19 creatures vanquished.

Notes
Turn   | Place    | Note
-------+----------+-------------------------------------------
     0 | D:1      | bande the Gargoyle Fighter began the quest for the Orb.
     0 | D:1      | Reached XP level 1. HP: 14/14 MP: 1/1
   331 | D:1      | Reached XP level 2. HP: 19/19 MP: 2/2
   884 | D:2      | Noticed Terence
   914 | D:1      | Reached XP level 3. HP: 8/23 MP: 3/3
  1188 | D:1      | Slain by Terence

Illustrated notes

Levels and vault maps discovered:
D:1:      minmay_arrival_up_and_down, layout_loops_ring, serial_forest,
          infiniplex_forest_lined_3, infiniplex_forest_lined_room_3,
          infiniplex_forest_lined_3, infiniplex_forest_zigzag_1,
          infiniplex_forest_zigzag_1, minmay_bisected
D:2:      layout_loops_ring, basic_ecumenical_altar, grunt_decor_resistance,
          uniq_crazy_yiuf_cottage, uniq_terence

Skill      XL: |  1  2 |
---------------+-------+-----
Axes           | 2 |  2.3
Fighting       | |  3.5
Armour         | |  3.7
Dodging        | |  0.2
Shields        | |  3.5

Action                   || total
-------------------------++-------
Melee: War axe           ||    71
Armor: Scale mail        ||    52
Dodge: Dodged            ||    52
Block: Buckler           ||    21

Table legend: (Time is in decaauts)
 A = Elapsed time spent in this place.
 B = Non-inter-level travel time spent in this place.
 C = Inter-level travel time spent in this place.
 D = Time resting spent in this place.
 E = Time spent auto-exploring this place.
 F = Levels seen in this place.
 G = Mean time per level.
                   A        B        C        D        E       F      G
               +--------+--------+--------+--------+--------+-----+--------+
         Total |   1220 |   1156 |     64 |    262 |    692 |   2 |  610.0 |
       Dungeon |   1220 |   1156 |     64 |    262 |    692 |   2 |  610.0 |
               +--------+--------+--------+--------+--------+-----+--------+

Top non-repeatable levels by time:
     D:1: 1143 daAuts
     D:2: 76 daAuts
